 Dungeon Crawl Stone Soup version 0.25-a0-317-g5f8687bca5 (webtiles) character file.

Game seed: 5981002832035008139, levelgen mode: deterministic

2206 ANON1729 the Digger (level 9, -3/58 HPs)
             Began as an Octopode Earth Elementalist on Dec 27, 2019.
             Slain by an ice beast (14 damage)
             ... on level 7 of the Dungeon.
             The game lasted 00:18:16 (9159 turns).

ANON1729 the Digger (Octopode Earth Elementalist)   Turns: 9159, Time: 00:18:18

Health: -3/58      AC:  1    Str:  7    XL:     9   Next: 34%
Magic:  9/15       EV: 15    Int: 18    God:
Gold:   190        SH:  0    Dex: 15    Spells: 9/16 levels left

rFire    + . .     SeeInvis .   g - +0 dagger
rCold    . . .     Gourm    .   (no shield)
rNeg     . . .     Faith    .   (helmet restricted)
rPois    .         Spirit   .   y - amulet of regeneration
rElec    .         Reflect  .   h - ring of protection from fire
rCorr    .         Harm     .   u - ring of protection from magic
MR       +....                  (no ring)
Stlth    ++++......             (no ring)
HPRegen  0.59/turn              (no ring)
MPRegen  0.14/turn              (no ring)
                                (no ring)
                                (no ring)

@: no status effects
A: almost no armour, stealthy swim, amphibious, 8 rings, constrict 8, camouflage
1, gelatinous body 1
a: no special abilities


You were on level 7 of the Dungeon.
You were hungry.

You visited 2 branches of the dungeon, and saw 8 of its levels.

You collected 216 gold pieces.
You spent 26 gold pieces at shops.

Inventory:

Hand Weapons
 g - a +0 dagger (weapon)
 i - the +1 flail of Shame {crush, rElec rF+ Stlth+}
   (You found it on level 5 of the Dungeon)

   It inflicts extra damage upon your enemies.
   It protects you from fire.
   It insulates you from electricity.
   It makes you more stealthy.
 o - a +4 hand axe of electrocution
Missiles
 b - 109 stones (quivered)
Jewellery
 h - a ring of protection from fire (left tentacle)
 u - a ring of protection from magic (right tentacle)
 y - an amulet of regeneration (around mantle)
Wands
 n - a wand of polymorph (8)
Scrolls
 a - 3 scrolls of remove curse
 d - 5 scrolls of enchant weapon
 e - 3 scrolls of amnesia
 k - 2 scrolls of teleportation
 p - 2 scrolls of blinking
 r - 3 scrolls of identify
 t - 2 scrolls of immolation {unknown}
Potions
 f - a potion of brilliance {unknown}
 j - a potion of degeneration {unknown}
 l - 2 potions of cancellation
 m - a potion of curing
 q - a potion of heal wounds {unknown}
 s - a potion of might {unknown}
 v - a potion of haste {unknown}
 w - a potion of flight
 x - a potion of lignification {unknown}
Comestibles
 c - 10 rations


   Skills:
 + Level 3.7 Fighting
 + Level 3.7 Short Blades
 + Level 4.4 Dodging
 + Level 6.3 Stealth
 + Level 4.0 Spellcasting
 * Level 5.5 Transmutations
 * Level 6.6 Earth Magic


You had 9 spell levels left.
You knew the following spells:

 Your Spells              Type           Power        Failure   Level  Hunger
a - Sandblast             Erth           ####..       1%          1    None
b - Passwall              Tmut/Erth      ####....     1%          2    ##.....
c - Petrify               Tmut/Erth      ####....     12%         4    ####...

Your spell library contained the following spells:

 Spells                   Type           Power        Failure   Level  Hunger
 Stone Arrow              Conj/Erth      ###...       11%         3    ###....
 Lee's Rapid Deconstruct  Erth           ####......   26%         5    ######.


Dungeon Overview and Level Annotations

Branches:
Dungeon (7/15)             Temple (1/1) D:4

Altars:
Ashenzari
Cheibriados
Dithmenos
Elyvilon
Hepliaklqana
Kikubaaqudgha
Makhleb
Okawaru
Qazlal
Ru
Trog
Uskayaw
Vehumet
Wu Jian
Xom
Yredelemnul
Zin
The Shining One

Shops:
D:5 ?   D:6 [


Innate Abilities, Weirdness & Mutations

You cannot wear most types of armour.
You are very stealthy in the water. (Stealth+)
You are amphibious.
You can wear up to eight rings at the same time.
You can use your tentacles to constrict eight enemies at once.
Your skin changes colour to match your surroundings (Stealth+).
Your rubbery body absorbs attacks. (AC +1, EV +1)


Message History

Confirm with . or Enter, or press ? or * to list all spells.
Aiming: Sandblast (safe; 1% risk of failure)
Press: ? - help, Shift-Dir - straight line, f/p - ice beast
Aim: an ice beast (severely wounded)
The blast of sand misses the ice beast.
b - 110 stones The ice beast hits you.
The ice beast freezes you.
* * * LOW HITPOINT WARNING * * *
Casting: Sandblast (safe; 1% risk of failure)
Confirm with . or Enter, or press ? or * to list all spells.
Aiming: Sandblast (safe; 1% risk of failure)
Press: ? - help, Shift-Dir - straight line, f/p - ice beast
Aim: an ice beast (severely wounded)
The blast of sand hits the ice beast!
The ice beast is almost dead.
b - 109 stones The ice beast hits you.
* * * LOW HITPOINT WARNING * * *
The ice beast freezes you!
You die...

#.. ###.. # #.... ..
#.#.. ... ...? ...# #..
.... #.##..#.#
##@.....# # #.#.
##Y###..... .#
#....#.##########.####.
#....##............
##$..Y.#<......#
#..............#
#...............#
#...............#
#...........(...#


You could see an ice beast.

Vanquished Creatures
  Grinder (D:3)
  Sigmund (D:3)
  A phantom (D:4)
  An ice beast (D:6)
  2 ogres
  2 centaurs
  A big kobold (D:6)
  2 vampire bats (D:6)
  3 crimson imps
  4 orc priests
  A jelly (D:7)
  5 hounds
  5 orc wizards
  2 bullfrog skeletons (D:5)
  Jessica (D:3)
  Natasha (thrice) (D:4)
  2 centaur skeletons (D:6)
  3 iguanas
  Terence (D:2)
  A worker ant (D:4)
  A killer bee zombie (D:6)
  2 hound zombies (D:5)
  2 hound skeletons
  A worker ant zombie (D:6)
  10 adders
  5 gnolls
  An adder skeleton (D:4)
  An adder zombie (D:5)
  2 worms
  2 dart slugs
  2 leopard geckos (D:1)
  8 orcs
  3 bat skeletons (D:6)
  2 bat zombies (D:6)
  4 giant cockroaches
  7 goblins
  7 hobgoblins
  21 jackals
  11 kobolds
  5 quokkas
  2 bats
  6 frilled lizards
  3 rats
150 creatures vanquished.

Notes
Turn   | Place    | Note
-------+----------+-------------------------------------------
     0 | D:1      | ANON1729 the Octopode Earth Elementalist began the quest
                  | for the Orb.
     0 | D:1      | Reached XP level 1. HP: 11/11 MP: 3/3
   160 | D:1      | Reached XP level 2. HP: 10/17 MP: 1/5
   586 | D:1      | Reached XP level 3. HP: 11/22 MP: 4/6
   977 | D:2      | Learned a level 2 spell: Passwall
  1654 | D:2      | Reached XP level 4. HP: 27/27 MP: 7/7
  1695 | D:2      | Noticed Terence
  1708 | D:2      | Killed Terence
  1708 | D:2      | Reached skill level 1 in Fighting
  1896 | D:2      | Found a snail-covered altar of Cheibriados.
  2161 | D:3      | Noticed Grinder
  2192 | D:3      | Killed Grinder
  2192 | D:3      | Reached skill level 1 in Short Blades
  2192 | D:3      | Reached XP level 5. HP: 12/34 MP: 0/9
  2192 | D:3      | Reached XP level 6. HP: 14/39 MP: 0/10
  2649 | D:3      | Noticed Sigmund
  2690 | D:3      | Killed Sigmund
  2690 | D:3      | Reached XP level 7. HP: 19/45 MP: 3/11
  2862 | D:3      | Learned a level 4 spell: Petrify
  3132 | D:3      | Found a hazy altar of Hepliaklqana.
  3259 | D:3      | Noticed Jessica
  3266 | D:3      | Killed Jessica
  3646 | D:4      | Found a staircase to the Ecumenical Temple.
  3657 | Temple   | Entered the Ecumenical Temple
  3872 | D:4      | Reached skill level 5 in Earth Magic
  4582 | D:4      | Reached XP level 8. HP: 45/51 MP: 12/12
  4605 | D:4      | Noticed Natasha
  4621 | D:4      | Reached skill level 5 in Stealth
  4775 | D:4      | Killed Natasha
  4974 | D:4      | Noticed Natasha
  4983 | D:4      | Killed Natasha
  5085 | D:4      | Noticed Natasha
  5091 | D:4      | Killed Natasha
  5200 | D:5      | Entered Level 5 of the Dungeon
  5203 | D:5      | Found a shimmering altar of Xom.
  5333 | D:5      | Found a stormy altar of Qazlal.
  5988 | D:5      | Got a smoking flail
  5989 | D:5      | Identified the cursed +1 flail of Shame {crush, rElec rF+
                  | Stlth+} (You found it on level 5 of the Dungeon)
  6444 | D:6      | HP: 2/52 [poisoned by an adder]
  6451 | D:6      | HP: 2/52 [poisoned by an adder]
  6459 | D:6      | HP: 1/52 [poisoned by an adder]
  7152 | D:5      | Found Vewkoida's Magic Scroll Emporium.
  7160 | D:5      | Bought a scroll of random uselessness for 13 gold pieces
  7160 | D:5      | Bought a scroll of noise for 13 gold pieces
  7414 | D:5      | Found a glowing golden altar of the Shining One.
  7847 | D:6      | Reached skill level 5 in Transmutations
  7847 | D:6      | Reached XP level 9. HP: 48/57 MP: 14/14
  8087 | D:6      | Found a shattered altar of Ashenzari.
  8596 | D:6      | Found an ornate altar of the Wu Jian Council.
  8668 | D:6      | Found an ancient bone altar of Kikubaaqudgha.
  8949 | D:6      | Found Oneiq's Armour Boutique.
  9005 | D:6      | Found a burning altar of Makhleb.
  9159 | D:7      | Slain by an ice beast

Levels and vault maps discovered:
D:1:      matt_arrival_diagonals, layout_basic, minmay_misc_feat_secret_circle
D:2:      layout_basic, lemuel_doored_altar, first_ration, uniq_terence
D:3:      layout_loops_ring, lemuel_coloured_pillars_altar, uniq_sigmund,
          uniq_grinder, uniq_jessica
D:4:      layout_basic, minmay_temple_entry_proselytizer, uniq_natasha
D:5:      layout_basic, marbit_many_paths, tso_oasis_becter,
          nicolae_overflow_crystal_walls, serial_shops, shop
D:6:      layout_basic, kennysheep_little_box, kennysheep_vampire_church,
          overflow_temple_1_default, cheibrodos_ashenzari_chains, serial_shops,
          shop
D:7:      layout_loops_cross, nicolae_gozag_cash_rules_everything_around_me,
          basic_altar
Temple:   compressed_dpeg_triangle_lava_temple

Skill      XL: |  1  2  3  4  5  6  7  8  9 |
---------------+----------------------------+-----
Stealth        | 3 4 5 6 |  6.3
Fighting       | 1 2 3 |  3.7
Short Blades   | 1 2 3 |  3.7
Transmutations | 2 3 5 |  5.5
Earth Magic    | 4 5 6 |  6.6
Dodging        | 3 4 |  4.4
Spellcasting   | 3 4 |  4.0

Action                   |  1- 3 |  4- 6 |  7- 9 || total
-------------------------+-------+-------+-------++-------
Melee: Unarmed           |    12 |       |       ||    12
       Constrict         |    13 |    11 |    53 ||    77
       Tentacles         |     9 |     6 |    60 ||    75
       Dagger            |    52 |    47 |   273 ||   372
       Flail             |       |       |     2 ||     2
 Cast: Sandblast         |    11 |    30 |    73 ||   114
       Passwall          |     2 |     1 |     5 ||     8
       Petrify           |       |       |     6 ||     6
  Use: Potion            |       |     5 |     1 ||     6
       Scroll            |       |       |     7 ||     7
 Stab: Sleeping          |    12 |     2 |    18 ||    32
       Petrified         |       |       |     7 ||     7
       Petrifying        |       |       |     1 ||     1
  Eat: Chunk             |     1 |     5 |    14 ||    20
       Ration            |       |       |     2 ||     2
Armor: Skin              |     5 |     3 |    22 ||    30
Dodge: Dodged            |    47 |    42 |   223 ||   312

Table legend:
 A = Non-vault XP
 B = Vault XP
 C = Vault XP percentage of total XP
 D = Non-vault monster count
 E = Vault monster count
 F = Vault count percentage of total count
                 A         B        C        D         E       F
            +---------+---------+-------+---------+---------+-------
      Total |    2276 |     876 |  27.8 |     136 |      14 |   9.3
            +---------+---------+-------+---------+---------+-------
        D:1 |      41 |       0 |   0.0 |      22 |       0 |   0.0
        D:2 |      45 |      36 |  44.4 |      11 |       1 |   8.3
        D:3 |     165 |     527 |  76.2 |      27 |       3 |  10.0
        D:4 |     703 |      81 |  10.3 |      23 |       2 |   8.0
        D:5 |     472 |     110 |  18.9 |      26 |       1 |   3.7
        D:6 |     807 |     122 |  13.1 |      26 |       7 |  21.2
        D:7 |      43 |       0 |   0.0 |       1 |       0 |   0.0
            +---------+---------+-------+---------+---------+-------
